 Dungeon Crawl Stone Soup version 0.31.0-12-g77e489cdc1 (webtiles) character file.

Game seed: 16164026460748152370

87093 chippings the Arsonist (level 15, -11/112 (123) HPs)
             Began as a Yellow Draconian Alchemist on Mar 5, 2024.
             Was the Champion of Vehumet.
             Mangled by a boulder beetle (29 damage)
             ... on level 5 of the Lair of Beasts.
             The game lasted 01:10:12 (20275 turns).

chippings the Arsonist (DrAl)                      Turns: 20275, Time: 01:10:13

HP:   -11/112 (123) AC: 14    Str: 10    XL:     15   Next: 42%
MP:   24/30         EV: 15    Int: 29    God:    Vehumet [******]
Gold: 1139          SH:  0    Dex: 12    Spells: 12/36 levels left

rFire   + . .        h - +4 long sword "Gahaeh" {drain, rElec}
rCold   x . .        (no shield)
rNeg    . . .        (body armour unavailable)
rPois   .            (helmet restricted)
rElec   +            o - +0 cloak
rCorr   +            C - +2 pair of gloves
SInv    .            g - +0 pair of boots
Will    +....        (no amulet)
Stlth   ++++         k - +6 ring of intelligence
HPRegen 0.38/turn    b - ring of fire
MPRegen 0.22/turn

%: no passive effects
@: lethally poisoned (-11 -> -17), slowed, studying Staves, drained, very slow
A: spit acid, AC +9, unfitting armour, acidic bite, cold-blooded, acid
resistance
a: Breathe Acid, Renounce Religion


You were on level 5 of the Lair of Beasts.
You worshipped Vehumet.
Vehumet was exalted by your worship.
You visited 4 branches of the dungeon, and saw 18 of its levels.
You also visited: Ossuary.

You collected 1564 gold pieces.
You spent 425 gold pieces at shops.

Inventory:

Hand Weapons
 h - the +4 long sword "Gahaeh" (weapon) {drain, rElec}
   (You found it on level 2 of the Dungeon)

   rElec:     It insulates you from electricity.
 B - the +5 dagger of Oxaerasi {heavy, rC+ rN+}
   (You found it on level 5 of the Dungeon)

   rC+:       It protects you from cold.
   rN+:       It protects you from negative energy.
Missiles
 z - 5 throwing nets
Armour
 g - a +0 pair of boots (worn)
 o - a +0 cloak (worn)
 C - a +2 pair of gloves (worn)
 T - a +0 kite shield
Magical Staves
 F - a staff of conjuration
 P - a staff of alchemy
Jewellery
 b - a ring of fire (right hand)
 k - a +6 ring of intelligence (left hand)
 s - a ring of poison resistance
 M - a ring of ice
 Q - an amulet of faith
Wands
 A - a wand of digging (2)
 E - a wand of flame (17)
 J - a wand of roots (5)
 L - a wand of paralysis (6)
Scrolls
 c - 6 scrolls of immolation
 e - 2 scrolls of revelation
 l - 5 scrolls of fog
 m - 4 scrolls of teleportation
 p - a scroll of enchant armour
 t - 2 scrolls of silence
 u - 2 scrolls of enchant weapon
 y - a scroll of fear
 D - a scroll of noise
 I - 2 scrolls of amnesia
 N - 2 scrolls of poison
 R - a scroll of butterflies
Potions
 a - 4 potions of magic
 d - 2 potions of might
 f - 3 potions of mutation
 i - 2 potions of haste
 j - 8 potions of attraction
 n - 4 potions of curing
 q - 3 potions of enlightenment {unknown}
 r - 3 potions of invisibility {unknown}
 v - 7 potions of lignification {unknown}
 w - 3 potions of brilliance
 x - 2 potions of heal wounds
 G - 2 potions of cancellation
 H - a potion of resistance
 K - a potion of ambrosia {unknown}
Miscellaneous
 O - a phial of floods
 S - a tin of tremorstones (2/2)


   Skills:
 + Level 8.7 Fighting
 - Level 8.0 Long Blades
 + Level 3.9 Staves
 + Level 9.6 Dodging
 + Level 8.6 Stealth
 + Level 11.2 Spellcasting
 + Level 7.5 Conjurations
 + Level 11.5 Fire Magic
 + Level 8.6 Air Magic
 - Level 10.0 Alchemy
 + Level 2.7 Evocations


You had 12 spell levels left.
You knew the following spells:

 Your Spells              Type           Power      Damage    Failure   Level
a - Plasma Beam           Fire/Air       42%        2x1d56    2%          6
b - Mercury Vapours       Alch/Air       100%       N/A       1%          2
c - Olgreb's Toxic Radia  Alch           65%        N/A       1%          4
d - Ignite Poison         Fire/Alch      87%        N/A       1%          4
e - Sticky Flame          Fire/Alch      87%        2d13      1%          4
f - Flame Wave            Conj/Fire      82%        2d18      1%          4

Your spell library contained the following spells:

 Spells                   Type           Power      Damage    Failure   Level
 Spellforged Servitor     Conj/Summ      19%        N/A       78%         7
 Sting                    Conj/Alch      100%       1d9       1%          1
 Scorch                   Fire           100%       2d9       1%          2
 Static Discharge         Conj/Air       100%       3-8/arc   1%          2
 Dazzling Flash           Conj/Hex       76%        N/A       1%          3
 Mephitic Cloud           Conj/Alch/Air  61%        N/A       1%          3
 Airstrike                Air            30%        2d(5-21)  1%          4
 Iskenderun's Mystic Bla  Conj/Tloc      38%        2d9       1%          4
 Alistair's Intoxication  Alch           43%        N/A       1%          5
 Apportation              Tloc           32%        N/A       3%          1
 Jinxbite                 Hex            32%        N/A       4%          2
 Lesser Beckoning         Tloc           32%        N/A       4%          2
 Summon Lightning Spire   Summ/Air       41%        N/A       5%          4
 Call Canine Familiar     Summ           16%        N/A       10%         3
 Gell's Gravitas          Tloc           16%        N/A       10%         3
 Sigil of Binding         Hex            16%        N/A       10%         3
 Teleport Other           Tloc           16%        N/A       10%         3
 Silence                  Hex/Air        20%        N/A       16%         5
 Dimensional Bullseye     Hex/Tloc       8%         N/A       32%         4
 Passage of Golubria      Tloc           16%        N/A       32%         4
 Curse of Agony           Necr           16%        N/A       67%         5
 Dispersal                Tloc           8%         N/A       99%         6
 Summon Cactus Giant      Summ           8%         N/A       99%         6
 Lehudib's Crystal Spear  Conj/Erth      19%        10d6      100%        8
 Chain Lightning          Conj/Air       29%        3d39      100%        9
 Fire Storm               Conj/Fire      41%        8d10      100%        9
 Shatter                  Erth           8%         3d10*     100%        9


Dungeon Overview and Level Annotations

Branches:
Dungeon (10/15)            Temple (1/1) D:7            Lair (5/5) D:9
  Swamp (0/4) Lair:2        Snake (0/4) Lair:2        Slime (0/5) Lair:4
    Orc (2/2) D:10            Elf (0/3) Orc:2       Ossuary (visited)

Altars:
Ashenzari
Cheibriados
Dithmenos
Elyvilon
Fedhas
Gozag
Hepliaklqana
Kikubaaqudgha
Makhleb
Nemelex Xobeh
Okawaru
Qazlal
Ru
Sif Muna
Trog
Uskayaw
Vehumet
Wu Jian
Xom
Yredelemnul
Zin
The Shining One

Shops:
D:8 !(?*   D:10 =   Orc:2 *[[(

Annotations:
D:7 1 runed translucent door, Consumeair16's ghost, novice MiBe
Temple 2 transporters
Lair:5 1 transporter, Saint1's ghost, journeyman MiFi


Innate Abilities, Weirdness & Mutations

You can spit globs of acid.
Your golden yellow scales are hard. (AC +9)
You cannot fit into any form of body armour.
You have acidic saliva.
You are cold-blooded and may be slowed by cold attacks.
You are resistant to acid. (rCorr)


Message History

The boulder beetle bites you!!
Unknown command.
Casting: Ignite Poison (safe; 1% risk of failure)
Confirm with . or Enter, or press ? or * to list all spells.
You begin to radiate toxic energy.
The torpor snail is poisoned.
The boulder beetle looks even sicker.
You feel extremely sick. The cane toad misses you.
The boulder beetle bites you but does no damage.
Saint1's ghost hits you!
You feel drained. The cane toad stings you.
* * * LOW HITPOINT WARNING * * *
The boulder beetle bites you.
* * * LOW HITPOINT WARNING * * *
The torpor snail bites you but does no damage.
Unknown command.
Unknown command.
As you read the scroll of fear, it crumbles to dust.
You assume a fearsome visage.
The torpor snail looks frightened!
Saint1's ghost is unaffected.
The boulder beetle is unaffected.
The cane toad looks frightened!
Your attack snaps the torpor snail out of its fear.
The torpor snail looks even sicker.
You feel very sick.
The boulder beetle bites you but does no damage.
Saint1's ghost hits you.
* * * LOW HITPOINT WARNING * * *
You feel drained. The boulder beetle bites you!
* * * LOW HITPOINT WARNING * * *
Saint1's ghost completely misses you. The torpor snail closely misses you.
Unknown command.
You feel much better.
Your toxic aura wanes.
You feel very sick.
The black mamba barely misses you. x2; The boulder beetle barely misses you.
The black mamba barely misses you. Saint1's ghost hits you.
* * * LOW HITPOINT WARNING * * *
You feel drained.
* * * LOW HITPOINT WARNING * * *
The boulder beetle bites you!!
You die...

##..##[..####..##.#....#.P.....#.
##..###...#........#...##...###..
#.#..........#####......##...###.
...........###...###.........##..
..........## ......#.............
..........#. #.#...#...........^.
..........#..#.#...#.............
#.#.#.....##...B.#.##............
#######....#(.#W@.# #............
.#..#.#...©#!".S#w..#............
...........#[#.†...##............
..........##$#...#.#©............
.....P....# .#F##..##............
....##....#.#...#..©#............
##'.###...##..#....##...........♣
.#...##....#..... ##............♣
.#.#.#P....##.#####.............♣


You could see a boulder beetle (berserk, very poisoned), a torpor snail (very
poisoned), a black mamba (berserk), a cane toad (fleeing) and Saint1's ghost.

Vanquished Creatures
  Saint Roka (Orc:2)
  Fannar (Lair:1)
  3 hydras
  A centaur warrior (D:10)
  A boulder beetle (Lair:3)
  Erica (D:9)
  8 two-headed ogres
  A catoblepas (Lair:5)
  13 death yaks
  4 orc high priests (Orc:2)
  A thrashing horror (Lair:5)
  Urug (Lair:3)
  Amaemon (Lair:1)
  A lindwurm (Lair:5)
  4 orc knights (Orc:2)
  An ugly thing (Lair:5)
  7 orc sorcerers
  An oklob plant (Lair:2)
  A moth of wrath (Lair:5)
  A cyclops (Orc:2)
  18 elephants
  4 kobold blastminers (Orc:2)
  4 black mambas
  An orange demon (Lair:1)
  12 cane toads
  5 torpor snails
  8 komodo dragons
  4 rime drakes
  Psyche (D:9)
  8 trolls
  A hornet (D:8)
  2 raiju (Lair:5)
  20 dream sheep
  43 blink frogs
  7 wyverns
  A wraith (D:7)
  59 yaks
  A steam dragon (D:10)
  9 basilisks
  3 vampire mosquitoes (D:10)
  8 wargs
  4 chaos spawn (Lair:5)
  3 nagas (Lair:2)
  14 water moccasins
  2 acid dragons
  49 orc warriors
  An ice beast (D:5)
  A black bear (D:5)
  7 small abominations (Lair:5)
  A sky beast (D:6)
  19 wolves
  9 ogres
  4 centaurs
  A phantom (D:6)
  A gnoll sergeant (D:9)
  2 kobold brigands (D:8)
  14 bullfrogs
  9 wights (D:8)
  5 killer bees (D:8)
  4 howler monkeys
  A bombardier beetle (D:4)
  3 hounds
  38 orc priests
  2 spectral scorpions (Ossuary)
  3 centaur skeletons (Ossuary)
  2 sleepcaps
  15 orc wizards
  3 iguanas
  A crocodile zombie (Ossuary)
  10 mummies (Ossuary)
  7 gnolls
  5 adders
  2 shadow imps
  A white imp (D:6)
  6 ufetubi
  3 ribbon worms
  2 dart slugs
  117 orcs
  6 ball pythons
  8 endoplasms
  6 giant cockroaches
  8 goblins
  6 hobgoblins
  7 jackals (D:1)
  5 quokkas
  4 bats (D:1)
  2 frilled lizards (D:2)
  2 gnoll skeletons (Ossuary)
  18 kobolds
  3 kobold skeletons (Ossuary)
  6 rats
  10 spectral rats (Ossuary)
734 creatures vanquished.

Notes
Turn   | Place    | Note
-------+----------+-------------------------------------------
     0 | D:1      | chippings the Draconian Alchemist began the quest for the
                  | Orb.
     0 | D:1      | Reached XP level 1. HP: 14/14 MP: 3/3
    67 | D:1      | Reached XP level 2. HP: 20/20 MP: 1/5
   444 | D:1      | Reached XP level 3. HP: 26/26 MP: 4/6
   447 | D:1      | Learned a level 2 spell: Mercury Vapours
   715 | D:1      | Found a faded altar of an unknown god.
  1421 | D:2      | Reached XP level 4. HP: 31/33 MP: 4/7
  1447 | D:2      | Identified the +4 long sword "Gahaeh" {drain, rElec}
  1767 | D:2      | You fall into a shaft and drop 1 floor!
  1799 | D:3      | Learned a level 4 spell: Olgreb's Toxic Radiance
  1818 | D:3      | Got Sif Muna's Verses on Points and Ignition
  1872 | D:3      | Reached skill level 1 in Air Magic
  2183 | D:3      | Reached XP level 5. HP: 38/39 MP: 6/9
  2206 | D:3      | Reached skill level 1 in Fighting
  2630 | D:3      | Reached skill level 1 in Long Blades
  2844 | D:4      | Found a basalt altar of Yredelemnul.
  2923 | D:4      | Reached XP level 6. HP: 38/47 MP: 3/10
  3141 | D:4      | Reached skill level 1 in Fire Magic
  3409 | D:4      | Found a hazy altar of Hepliaklqana.
  3612 | D:5      | Entered Level 5 of the Dungeon
  3645 | D:5      | Noticed an ice beast
  3682 | D:5      | Your scales start taking on a golden yellow colour.
  3682 | D:5      | Reached XP level 7. HP: 35/55 MP: 8/11
  3682 | D:5      | Gained mutation: You are resistant to acid. (rCorr) [Yellow
                  | Draconian growth]
  3794 | D:5      | Learned a level 4 spell: Ignite Poison
  3826 | D:5      | Found a sand-covered staircase.
  3867 | Ossuary  | Entered an ossuary
  4402 | Ossuary  | Reached XP level 8. HP: 34/58 MP: 13/13
  4681 | D:5      | Found a bloodstained altar of Trog.
  4801 | D:5      | Identified the +5 dagger of Oxaerasi {heavy, rC+ rN+}
  5232 | D:6      | Found a snail-covered altar of Cheibriados.
  5431 | D:6      | Noticed a troll
  5434 | D:6      | Noticed a troll
  5444 | D:6      | Killed a troll
  5445 | D:6      | Reached skill level 5 in Alchemy
  5446 | D:6      | Killed a troll
  5757 | D:6      | Reached XP level 9. HP: 70/71 MP: 12/15
  6532 | D:7      | Found a staircase to the Ecumenical Temple.
  6545 | Temple   | Found a transporter.
  6545 | Temple   | Found a transporter.
  6545 | Temple   | Found a transporter.
  6545 | Temple   | Found a transporter.
  6545 | Temple   | Entered the Ecumenical Temple
  6561 | Temple   | Became a worshipper of Vehumet
  6746 | D:7      | Learned a level 4 spell: Sticky Flame
  7262 | D:7      | Found a runed translucent door.
  7262 | D:7      | Noticed Consumeair16's ghost (novice MiBe)
  7313 | D:8      | Found Coolysarra's Weapon Boutique.
  7319 | D:8      | Found Begyapof's Assorted Antiques.
  7319 | D:8      | Found Ciygek's Magic Scroll Emporium.
  7319 | D:8      | Found Idoggesh's Distillery.
  7322 | D:8      | Reached skill level 5 in Long Blades
  7451 | D:8      | Paralysed by a hornet for 3 turns
  7530 | D:8      | Bought a murky golden potion for 21 gold pieces
  7530 | D:8      | Bought a murky golden potion for 21 gold pieces
  7530 | D:8      | Bought a sedimented red potion for 21 gold pieces
  7530 | D:8      | Bought a silvery potion for 21 gold pieces
  7530 | D:8      | Bought an emerald potion for 21 gold pieces
  7532 | D:8      | Bought a scroll of fog for 48 gold pieces
  7532 | D:8      | Bought a scroll of fog for 48 gold pieces
  7532 | D:8      | Bought a scroll of fear for 48 gold pieces
  7532 | D:8      | Bought a scroll of identify for 24 gold pieces
  7734 | D:8      | Bought a potion of haste for 120 gold pieces
  7773 | D:8      | Reached skill level 5 in Stealth
  8066 | D:8      | Reached skill level 5 in Spellcasting
  8067 | D:8      | Reached * piety under Vehumet
  8067 | D:8      | Offered knowledge of Kiss of Death by Vehumet.
  8150 | D:8      | Reached XP level 10. HP: 74/80 MP: 4/17
  8319 | D:8      | Reached skill level 5 in Dodging
  8321 | D:8      | Reached skill level 5 in Fighting
  8613 | D:8      | Noticed a two-headed ogre
  8620 | D:8      | Killed a two-headed ogre
  8757 | D:9      | Noticed a two-headed ogre
  8763 | D:9      | Killed a two-headed ogre
  8836 | D:9      | Noticed Psyche
  8841 | D:9      | Killed Psyche
  8842 | D:9      | Reached skill level 5 in Fire Magic
  9038 | D:9      | Found a staircase to the Lair.
  9049 | D:9      | Offered knowledge of Foxfire by Vehumet.
  9076 | D:9      | Reached ** piety under Vehumet
  9337 | D:9      | Reached XP level 11. HP: 89/89 MP: 13/19
  9372 | D:9      | Learned a level 6 spell: Plasma Beam
  9569 | D:9      | Noticed Erica
  9579 | D:9      | Killed Erica
  9947 | D:10     | Entered Level 10 of the Dungeon
  9947 | D:10     | Found a staircase to the Orcish Mines.
 10160 | D:10     | Offered knowledge of Frozen Ramparts by Vehumet.
 10272 | D:10     | Found Reul Cosity's Jewellery Emporium.
 10408 | D:10     | Found a sacrificial altar of Ru.
 10628 | D:10     | Found a hide-covered altar of Uskayaw.
 10628 | D:10     | Noticed a centaur warrior
 10639 | D:10     | Killed a centaur warrior
 10641 | D:10     | Found an iron altar of Okawaru.
 10756 | Orc:1    | Entered Level 1 of the Orcish Mines
 10761 | Orc:1    | Reached *** piety under Vehumet
 11131 | Orc:1    | Offered knowledge of Volatile Blastmotes by Vehumet.
 11440 | Orc:1    | Noticed an orc sorcerer
 11444 | Orc:1    | Killed an orc sorcerer
 11504 | Orc:2    | Entered Level 2 of the Orcish Mines
 11708 | Orc:2    | Noticed a two-headed ogre
 11716 | Orc:2    | Reached **** piety under Vehumet
 11717 | Orc:2    | Killed a two-headed ogre
 11726 | Orc:2    | Offered knowledge of Inner Flame by Vehumet.
 11845 | Orc:2    | Noticed a two-headed ogre
 11847 | Orc:2    | Noticed a two-headed ogre
 11852 | Orc:2    | Killed a two-headed ogre
 11854 | Orc:2    | Killed a two-headed ogre
 11855 | Orc:2    | Reached XP level 12. HP: 100/100 MP: 13/22
 12413 | Orc:2    | Noticed an orc high priest
 12417 | Orc:2    | Killed an orc high priest
 12508 | Orc:2    | Noticed Saint Roka
 12525 | Orc:2    | Reached ***** piety under Vehumet
 12528 | Orc:2    | Killed Saint Roka
 12788 | Orc:2    | Noticed an orc high priest
 12794 | Orc:2    | Killed an orc high priest
 12859 | Orc:2    | Noticed an orc high priest
 12860 | Orc:2    | Found Zamidoog's Weapon Emporium.
 12866 | Orc:2    | Killed an orc high priest
 12954 | Orc:2    | Found Uneuzui's Armour Boutique.
 12956 | Orc:2    | Noticed an orc high priest
 12956 | Orc:2    | Offered knowledge of Iskenderun's Battlesphere by Vehumet.
 12960 | Orc:2    | Killed an orc high priest
 13117 | Orc:2    | Noticed a two-headed ogre
 13122 | Orc:2    | Killed a two-headed ogre
 13248 | Orc:2    | Found a staircase to the Elven Halls.
 13380 | Orc:2    | Reached XP level 13. HP: 107/107 MP: 23/25
 13503 | Orc:2    | Found Fenwyn's Armour Emporium.
 13508 | Orc:2    | Reached skill level 5 in Air Magic
 13797 | Orc:2    | Found Letaof's Assorted Antiques.
 13821 | Orc:2    | Bought a scroll labelled QOAREG FYVUAC for 32 gold pieces
 14419 | Lair:1   | Entered Level 1 of the Lair of Beasts
 14502 | Lair:1   | Noticed Fannar
 14525 | Lair:1   | Killed Fannar
 15042 | Lair:1   | Noticed Amaemon
 15077 | Lair:1   | Killed Amaemon
 15650 | Lair:2   | Found a staircase to the Snake Pit.
 15936 | Lair:2   | Reached skill level 10 in Alchemy
 15945 | Lair:2   | Learned a level 4 spell: Flame Wave
 16127 | Lair:2   | Found a staircase to the Swamp.
 16294 | Lair:2   | Gained mutation: You have acidic saliva. [Yellow Draconian
                  | growth]
 16294 | Lair:2   | Reached XP level 14. HP: 106/115 MP: 27/27
 16317 | Lair:2   | Reached skill level 10 in Spellcasting
 16527 | Lair:2   | You fall into a shaft and drop 1 floor!
 16537 | Lair:3   | Noticed Urug
 16543 | Lair:3   | Killed Urug
 16544 | Lair:3   | Reached skill level 10 in Fire Magic
 16909 | Lair:3   | Reached skill level 5 in Conjurations
 17105 | Lair:3   | Reached ****** piety under Vehumet
 17109 | Lair:3   | Offered knowledge of Freezing Cloud by Vehumet.
 18404 | Lair:4   | Found a staircase to the Slime Pits.
 18877 | Lair:5   | Entered Level 5 of the Lair of Beasts
 18892 | Lair:5   | Reached skill level 1 in Staves
 19038 | Lair:5   | Reached skill level 1 in Evocations
 19166 | Lair:5   | Found a transporter.
 19216 | Lair:5   | Reached XP level 15. HP: 104/121 MP: 26/30
 19648 | Lair:5   | Offered knowledge of Spellforged Servitor by Vehumet.
 20056 | Lair:5   | Noticed Saint1's ghost (journeyman MiFi)
 20261 | Lair:5   | Found a transporter.
 20274 | Lair:5   | HP: 1/114 [boulder beetle (17)]
 20275 | Lair:5   | Mangled by a boulder beetle

Illustrated notes

Levels and vault maps discovered:
D:1:      dpeg_cavernosity, layout_basic,
          hellmonk_ecumenical_altar_leap_of_faith
D:2:      layout_rooms
D:3:      layout_basic, kennysheep_potato
D:4:      layout_rooms, lemuel_round_altar, nicolae_overflow_crystal_walls,
          corner_web_ring
D:5:      layout_rooms, trog_hazing_becter,
          nicolae_ossuary_entry_false_entrances
D:6:      minmay_cornered_nines, layout_loops_corners, slow_altar_1,
          minmay_misc_feat_x
D:7:      layout_loops_ring, temple_fountains, ebering_ghost_inner_flame
D:8:      layout_loops_cross, nicolae_wooded_promenade
D:9:      layout_basic, erik_lair_orcish_takeover, uniq_psyche, uniq_erica
D:10:     layout_basic, nicolae_ru_the_path_less_chosen,
          gammafunk_temple_overflow_pools, orc_0_dummy, serial_shops, shop
Temple:   hellmonk_temple_divided_pantheon
Lair:1:   layout_chaotic_city, chequers_serial_rivers_room_a,
          grunt_megastairs_3, uniq_fannar, uniq_amaemon
Lair:2:   beast_lair_carwin_large_2, layout_long_grid,
          minmay_swamp_entry_reptiles, minmay_snake_entry_guardpost_small,
          lemuel_fruit_tree
Lair:3:   layout_regular_city, nzn_sisyphean_effort, serial_bayou_shore_b,
          uniq_urug
Lair:4:   layout_regular_city, slime_entry_1, infiniplex_staircase_pool_2,
          grunt_megastairs_4
Lair:5:   hellmonk_lair_end_abyssal_woods, layout_regular_city,
          gammafunk_ghost_berserking_beasts, nicolae_lair_yak_garden,
          serial_bayou_shore_b, grunt_megastairs_5
Orc:1:    layout_caves
Orc:2:    pubby_orc_utopia

Skill      XL: |  1  2  3  4  5  6  7  8  9 10 11 12 13 14 15 |
---------------+----------------------------------------------+-----
Dodging        | 2 3 4 5 6 8 9 |  9.6
Stealth        | 2 3 4 5 7 8 |  8.6
Conjurations   | 2 3 4 7 |  7.5
Air Magic      | 1 2 4 8 |  8.6
Fighting       | 1 2 3 4 5 7 8 |  8.7
Long Blades    | 1 2 3 5 7 8 |  8.0
Spellcasting   | 3 4 5 7 8 9 11 | 11.2
Fire Magic     | 1 2 3 4 5 7 8 9 11 | 11.5
Alchemy        | 4 5 6 8 10 | 10.0
Staves         | 1 3 |  3.9
Evocations     | 1 2 |  2.7

Action                     |  1- 3 |  4- 6 |  7- 9 | 10-12 | 13-15 || total
---------------------------+-------+-------+-------+-------+-------++-------
  Melee: Unarmed           |     2 |       |       |       |       ||     2
         Club              |    69 |       |       |       |       ||    69
         Short sword       |    17 |       |       |       |       ||    17
         Tailslap          |     8 |     8 |    39 |    30 |    54 ||   139
         Long sword        |       |   125 |   308 |   203 |   266 ||   902
         Punch             |       |     3 |     6 |     3 |     4 ||    16
         Bite              |       |       |       |       |    25 ||    25
         Staff             |       |       |       |       |     1 ||     1
   Cast: Sting             |    53 |    27 |    24 |     4 |       ||   108
         Mercury Vapours   |     2 |    14 |    25 |    22 |    12 ||    75
         Sticky Flame      |       |       |    11 |    20 |    64 ||    95
         Olgreb's Toxic Ra |       |       |     6 |    58 |    71 ||   135
         Ignite Poison     |       |       |     2 |    46 |    65 ||   113
         Plasma Beam       |       |       |       |       |    25 ||    25
         Flame Wave        |       |       |       |       |     2 ||     2
    Use: Potion            |       |     2 |       |     2 |     2 ||     6
         Scroll            |       |     1 |    13 |     1 |    10 ||    25
   Stab: Sleeping          |     2 |     4 |     4 |     2 |     3 ||    15
         Distracted        |       |     1 |       |       |       ||     1
 Armour: Skin              |    80 |    91 |   217 |   153 |   296 ||   837
  Dodge: Dodged            |    89 |    76 |   274 |   125 |   280 ||   844
